 Dungeon Crawl Stone Soup version 0.23-a0-296-ga3b1b28 (webtiles) character file.

14206 tsouns the Grappler (level 11, -11/151 HPs)
             Began as a Purple Draconian Wanderer on Oct 5, 2018.
             Was an Initiate of Gozag.
             Mangled by a spiny frog (12 damage)
             ... on level 3 of the Lair of Beasts.
             The game lasted 00:42:41 (17206 turns).

tsouns the Grappler (Purple Draconian Wanderer)    Turns: 17206, Time: 00:42:42

Health: -11/151    AC:  8    Str: 22    XL:     11   Next: 85%
Magic:  26/26      EV: 15    Int: 15    God:    Gozag
Gold:   1925       SH:  0    Dex:  9    Spells: 12/18 levels left

rFire    + . .     SeeInvis .     - Unarmed
rCold    . . .     Gourm    .   (no shield)
rNeg     . . .     Faith    .   (armour unavailable)
rPois    .         Spirit   .   (helmet restricted)
rElec    .         Reflect  .   (no cloak)
rCorr    .         Harm     .   z - +0 pair of gloves
MR       +....                  (no boots)
Stlth    ..........             (no amulet)
HPRegen  0.35/turn              p - ring of magical power
MPRegen  0.20/turn              C - ring of protection from fire

@: berserking, lethally poisoned (-11 -> -15), gold aura, very quick
A: breathe power, unfitting armour, cold-blooded, AC +7
a: Breathe Dispelling Energy, Potion Petition, Call Merchant, Bribe Branch,
Renounce Religion


You were on level 3 of the Lair of Beasts.
You worshipped Gozag.
Gozag was most pleased with you.
You were not hungry.

You visited 3 branches of the dungeon, and saw 13 of its levels.

You collected 2128 gold pieces.
You spent 180 gold pieces at shops.
You paid 23 gold pieces to Gozag.

Inventory:

Hand Weapons
 a - a +4 shortbow
Missiles
 b - 147 arrows
 d - 7 javelins
 h - 26 sling bullets
 j - 390 stones (quivered)
 u - 4 throwing nets
 v - 17 tomahawks
Armour
 t - a +0 shield
 z - a +0 pair of gloves (worn)
Jewellery
 p - a ring of magical power (left hand)
 C - a ring of protection from fire (right hand)
Wands
 n - a wand of paralysis (7)
 s - a wand of random effects (47)
 x - a wand of disintegration (11)
Scrolls
 e - 11 scrolls of teleportation
 i - 8 scrolls of identify
 k - 3 scrolls of enchant weapon
 r - 6 scrolls of remove curse
 w - a scroll of magic mapping
 y - a scroll of fog
 A - a scroll of amnesia
Potions
 c - 4 potions of curing
 g - 4 potions of invisibility
 l - a potion of brilliance
 m - 2 potions of cancellation
 q - 2 potions of might
 D - a potion of mutation {unknown}
Comestibles
 f - 18 rations


   Skills:
 + Level 10.9 Fighting
 - Level 3.9 Bows
 + Level 7.7 Dodging
 - Level 1.0 Shields
 + Level 13.0 Unarmed Combat
 - Level 4.1 Spellcasting
 - Level 3.0 Hexes
 - Level 2.0 Summonings
 - Level 1.1 Evocations


You had 12 spell levels left.
You knew the following spells:

 Your Spells              Type           Power        Failure   Level  Hunger
a - Animate Skeleton      Necr           N/A          19%         1    None
b - Apportation           Tloc           #.....       19%         1    None
c - Confusing Touch       Hex            ##....       4%          1    None
d - Summon Small Mammal   Summ           #...         8%          1    None
e - Call Imp              Summ           #.......     12%         2    ##.....

Your spell library contained the following spells:

 Spells                   Type           Power        Failure   Level  Hunger
 Shock                    Conj/Air       #...         19%         1    None
 Summon Guardian Golem    Hex/Summ       ##......     19%         3    ###....
 Call Canine Familiar     Summ           #.......     22%         3    ###....
 Swiftness                Chrm/Air       #.......     26%         2    ##.....
 Static Discharge         Conj/Air       #.......     47%         3    ###....
 Summon Ice Beast         Ice/Summ       #.......     75%         4    ####...
 Summon Lightning Spire   Summ/Air       #.......     75%         4    ####...
 Airstrike                Air            #.........   87%         4    ####...
 Lightning Bolt           Conj/Air       #.........   99%         5    ######.


Dungeon Overview and Level Annotations

Branches:
Dungeon (9/15)             Temple (1/1) D:4            Lair (3/6) D:9
 Shoals (0/4) Lair:3        Snake (0/4) Lair:3          Orc (0/2) D:9

Altars:
Ashenzari
Cheibriados
Dithmenos
Elyvilon
Fedhas
Gozag
Hepliaklqana
Kikubaaqudgha
Makhleb
Nemelex Xobeh
Okawaru
Qazlal
Ru
Sif Muna
Trog
Uskayaw
Vehumet
Wu Jian
Xom
Yredelemnul
Zin
The Shining One

Shops:
D:8 *

Annotations:
D:8 3 runed doors, nubinia's ghost, novice GnWz


Innate Abilities, Weirdness & Mutations

You can breathe bolts of dispelling energy.
Your rich purple scales are hard. (AC +7)
You cannot fit into any form of body armour.
You are cold-blooded and may be slowed by cold attacks.


Message History

The hippogriff barely misses you. The hippogriff pecks you.
* * * LOW HITPOINT WARNING * * *
The hippogriff barely misses you.
Unknown command.
A red film seems to cover your vision as you go berserk!
You feel yourself moving faster!
You feel mighty! The spiny frog stings you!!
* * * LOW HITPOINT WARNING * * *
The hippogriff is distracted by the nearby gold.
The hippogriff screeches!
You pummel the hippogriff!!
You kill the hippogriff!
The spiny frog stings you!
* * * LOW HITPOINT WARNING * * *
You are lethally poisoned!
The spiny frog poisons you!
You barely miss the spiny frog.
* * * LOW HITPOINT WARNING * * *
You feel sick. The spiny frog stings you!
You die...
Your body crumbles into a pile of gold.

***,,,,,,,,,,***,,,,,,,****,**P.
*,$**,,*,,,* *.#***,** *,****
*,*****,,*** *.# *** ****** *,**
*,,* *.# *,*, **,,* *,,** *.##
**,*, *,,** *,,,* ##..*# *,,+,
*,,*****,,** #..#.# *,,+,
***,,,,*,##.P###...## *,,+,
*,,,,,,,,....P.F@...#* *,,*,
*,,,,,*,*.#....$$<..P# **,,*,
,,**,*****#....##....#******,,,**
,,**,,* #..##**.......,,,,,,,,*
,,**,** *#.,** *#....[.,≈,,,≈,,*
*,**,* #.,,,* *,..#.#≈≈≈≈,*≈,,*
*,,,,* *#*,,*****....#*≈,*≈**≈,*
,,,,,* *,,,,,,,,,.....*≈,,≈*,,,*
,,,,,* **,,,,,,*,*,*,,,≈,,>,≈,,,*


You could see a spiny frog.

Vanquished Creatures
  Erica (D:9)
  Pikel (D:7)
  2 spiny frogs
  4 komodo dragons
  A jumping spider (D:9)
  A hornet (D:4)
  7 trolls (D:9)
  4 hippogriffs
  A vampire (D:9)
  3 wyverns
  19 yaks
  3 basilisks
  2 hungry ghosts (D:8)
  Edmund (D:4)
  5 water moccasins
  3 porcupines
  Duvessa (D:6)
  2 ice beasts
  A slave (D:7)
  4 phantoms
  An orc warrior (D:8)
  A sky beast (D:8)
  3 centaurs
  An ogre (D:7)
  6 crocodiles
  A big kobold (D:7)
  9 bullfrogs
  A water moccasin skeleton (D:5)
  3 scorpions
  9 killer bees
  5 wights (D:8)
  2 electric eels (D:9)
  A howler monkey (D:6)
  A crimson imp (D:8)
  5 hounds
  2 jellies
  6 orc wizards
  5 orc priests
  A bullfrog skeleton (D:9)
  Terence (D:1)
  3 iguanas
  10 worker ants
  A killer bee zombie (D:6)
  A hound skeleton (D:6)
  A howler monkey zombie (D:7)
  3 worker ant zombies
  10 adders
  3 gnolls
  3 shadow imps
  An ooze (D:2)
  An adder zombie (D:6)
  2 adder skeletons
  2 worms
  9 dart slugs
  7 leopard geckos
  28 orcs
  8 bats
  2 giant cockroaches
  6 goblins
  4 hobgoblins
  7 jackals
  7 quokkas
  A ball python skeleton (D:4)
  4 frilled lizards
  14 kobolds
  A leopard gecko skeleton (D:4)
  A quokka skeleton (D:8)
  A quokka zombie (D:9)
  8 rats
279 creatures vanquished.

Vanquished Creatures (others)
  A hungry ghost (D:7)
  An orc (D:7)
  A bush (D:9)
  9 fungi
  20 plants (D:9)
32 creatures vanquished.

Grand Total: 311 creatures vanquished

Notes
Turn   | Place    | Note
-------+----------+-------------------------------------------
     0 | D:1      | tsouns the Draconian Wanderer began the quest for the Orb.
     0 | D:1      | tsouns set off with: a +2 shortbow, 28 arrows, a potion of
                  | curing, a potion of lignification, a ration
     0 | D:1      | Reached XP level 1. HP: 19/19 MP: 1/1
   145 | D:1      | Reached XP level 2. HP: 13/26 MP: 2/2
   522 | D:1      | Reached skill level 1 in Unarmed Combat
   868 | D:1      | You fall through a shaft!
  1194 | D:2      | Noticed Terence
  1208 | D:1      | Killed Terence
  1208 | D:1      | Reached skill level 2 in Unarmed Combat
  1208 | D:1      | Reached XP level 3. HP: 17/31 MP: 3/3
  1366 | D:2      | Reached skill level 3 in Unarmed Combat
  1412 | D:2      | Reached XP level 4. HP: 37/38 MP: 4/4
  2149 | D:2      | Reached skill level 4 in Unarmed Combat
  2568 | D:3      | Reached XP level 5. HP: 37/45 MP: 5/5
  3513 | D:2      | Reached skill level 5 in Unarmed Combat
  3615 | D:3      | Reached XP level 6. HP: 51/51 MP: 6/6
  3783 | D:3      | Found a radiant altar of Vehumet.
  3783 | D:3      | Found a shimmering altar of Xom.
  3943 | D:3      | Reached skill level 6 in Unarmed Combat
  4183 | D:4      | Found a staircase to the Ecumenical Temple.
  4224 | Temple   | Entered the Ecumenical Temple
  4349 | Temple   | Became a worshipper of Gozag Ym Sagoz the Greedy
  4441 | D:4      | Noticed Edmund
  4475 | D:4      | Killed Edmund
  4475 | D:4      | Your scales start taking on a rich purple colour.
  4475 | D:4      | Reached XP level 7. HP: 43/60 MP: 7/7
  4561 | D:4      | Noticed a hornet
  4580 | D:4      | Killed a hornet
  4580 | D:4      | Reached skill level 5 in Fighting
  4580 | D:4      | Reached skill level 7 in Unarmed Combat
  4989 | D:4      | Reached XP level 8. HP: 65/70 MP: 8/8
  5261 | D:5      | Entered Level 5 of the Dungeon
  5280 | D:5      | Reached skill level 8 in Unarmed Combat
  5287 | D:5      | Learned a level 1 spell: Animate Skeleton
  5289 | D:5      | Learned a level 1 spell: Apportation
  5291 | D:5      | Learned a level 1 spell: Confusing Touch
  5293 | D:5      | Learned a level 1 spell: Summon Small Mammal
  5879 | D:5      | Reached skill level 1 in Spellcasting
  5879 | D:5      | Reached skill level 1 in Hexes
  6521 | D:6      | Found a blossoming altar of Fedhas.
  6540 | D:6      | Found a blossoming altar of Fedhas.
  6540 | D:6      | Found a white marble altar of Elyvilon.
  6547 | D:6      | Reached XP level 9. HP: 66/78 MP: 13/13
  6644 | D:6      | Noticed Duvessa
  6644 | D:6      | Noticed Dowan
  6677 | D:6      | Noticed Dowan
  6677 | D:6      | Dowan changed into Dowan the gnoll
  6684 | D:6      | Killed Dowan the gnoll
  6684 | D:6      | Reached skill level 9 in Unarmed Combat
  6702 | D:6      | Killed Duvessa
  7980 | D:7      | Noticed Pikel
  8013 | D:7      | Killed Pikel
  8013 | D:7      | Reached skill level 10 in Unarmed Combat
  8713 | D:8      | Found an ornate altar of the Wu Jian Council.
  8713 | D:8      | Found a stormy altar of Qazlal.
  8742 | D:8      | Found Kacim's General Store.
  8746 | D:8      | Bought a scroll of teleportation for 30 gold pieces
  8746 | D:8      | Bought a potion of curing for 30 gold pieces
  8746 | D:8      | Bought a scroll of fog for 20 gold pieces
  8746 | D:8      | Bought a ration for 50 gold pieces
  8746 | D:8      | Bought a ration for 50 gold pieces
  9122 | D:8      | Found a runed gate.
  9122 | D:8      | Found a runed gate.
  9122 | D:8      | Found a runed gate.
  9337 | D:8      | Reached XP level 10. HP: 88/89 MP: 14/14
 10297 | D:8      | Reached skill level 11 in Unarmed Combat
 10303 | D:8      | Reached skill level 5 in Dodging
 10308 | D:8      | Noticed nubinia's ghost (novice GnWz)
 11322 | D:9      | Found a staircase to the Orcish Mines.
 12390 | D:9      | Noticed a deep troll
 12635 | D:9      | Noticed Erica
 12656 | D:9      | Killed Erica
 12656 | D:9      | Reached skill level 12 in Unarmed Combat
 12656 | D:9      | Reached XP level 11. HP: 68/99 MP: 15/15
 12813 | D:9      | Found a staircase to the Lair.
 13220 | D:9      | HP: 4/99 [orc warrior/halberd of freezing (5)]
 13245 | D:9      | Noticed Harold
 13256 | D:9      | Noticed Harold
 13256 | D:9      | Harold changed into Harold the jumping spider
 13515 | D:9      | Killed Harold the jumping spider
 13910 | D:9      | Learned a level 2 spell: Call Imp
 14049 | D:9      | Reached skill level 10 in Fighting
 14070 | D:9      | Noticed a deep troll
 14536 | Lair:1   | Entered Level 1 of the Lair of Beasts
 14549 | Lair:1   | Reached skill level 1 in Summonings
 14754 | Lair:1   | You fall through a shaft!
 16829 | Lair:3   | Reached skill level 13 in Unarmed Combat
 17205 | Lair:3   | HP: 2/151 [spiny frog (14)]
 17206 | Lair:3   | Mangled by a spiny frog

Vault maps used:
D:1:      minmay_arrival_radiant_lines, minivault_26
D:2:      nicolae_underground_beach, uniq_terence
D:3:      gammafunk_temple_overflow_wave
D:4:      kennysheep_slugbush, minmay_temple_entry_water_ring, uniq_edmund
D:5:      first_ration
D:6:      chequers_temple_overflow_statue_of_worship, fedhas_altar_1,
          uniq_duvessa
D:7:      grunt_ogre_cave, minmay_misc_feat_columns, uniq_pikel
D:8:      gammafunk_temple_overflow_pools, serial_shops, nicolae_shop_crystal,
          gammafunk_ghost_icy
D:9:      lemuel_troll_bridge, minmay_lair_entry_grove, orc_0_dummy,
          uniq_harold, uniq_erica
Temple:   nicolae_temple_elliptical
Lair:1:   st_stairs_11
Lair:3:   elwin_shoals_entry_rocks, ebering_ghost_rock_garden, lab_entry_generic

Skill      XL: |  1  2  3  4  5  6  7  8  9 10 11 |
---------------+----------------------------------+-----
Unarmed Combat | 2 3 4 5 6 7 8 10 12 13 | 13.0
Fighting       | 4 6 8 9 10 | 10.9
Spellcasting   | 2 3 4 |  4.1
Hexes          | 2 3 |  3.0
Dodging        | 2 4 6 7 |  7.7
Summonings     | 2 |  2.0
Bows           | |  3.9
Shields        | |  1.0
Evocations     | |  1.1

Action                   |  1- 3 |  4- 6 |  7- 9 | 10-12 || total
-------------------------+-------+-------+-------+-------++-------
Melee: Unarmed           |    92 |    13 |   414 |   601 ||  1120
       Tailslap          |     9 |     2 |    50 |   100 ||   161
       Punch             |       |       |    10 |    34 ||    44
 Fire: Shortbow          |    29 |   227 |    13 |     9 ||   278
Throw: Stone             |       |       |       |    11 ||    11
 Cast: Confusing Touch   |       |       |    24 |    69 ||    93
Invok: Potion Petition   |       |       |       |     1 ||     1
 Abil: Breathe Dispellin |       |       |     4 |     5 ||     9
Evoke: Wand              |       |     2 |    16 |    21 ||    39
  Use: Scroll            |     8 |     2 |     7 |     6 ||    23
       Potion            |       |       |     3 |     7 ||    10
 Stab: Paralysed         |       |       |     7 |     8 ||    15
       Distracted        |       |       |     1 |     1 ||     2
       Confused          |       |       |    11 |    29 ||    40
  Eat: Chunk             |     2 |     8 |       |       ||    10
       Ration            |       |     1 |     5 |     8 ||    14
Armor: Skin              |    37 |    47 |    74 |    81 ||   239
Dodge: Dodged            |    67 |    82 |   178 |   304 ||   631

Table legend:
 A = Non-vault XP
 B = Vault XP
 C = Vault XP percentage of total XP
 D = Non-vault monster count
 E = Vault monster count
 F = Vault count percentage of total count
                 A         B        C        D         E       F
            +---------+---------+-------+---------+---------+-------
      Total |   12997 |    7298 |  36.0 |     238 |      40 |  14.4
            +---------+---------+-------+---------+---------+-------
        D:1 |      31 |      36 |  53.7 |      20 |       1 |   4.8
        D:2 |     239 |       0 |   0.0 |      45 |       0 |   0.0
        D:3 |     244 |       4 |   1.6 |      13 |       1 |   7.1
        D:4 |     818 |     199 |  19.6 |      24 |       8 |  25.0
        D:5 |     447 |       0 |   0.0 |      12 |       0 |   0.0
        D:6 |     976 |     153 |  13.6 |      14 |       2 |  12.5
        D:7 |     965 |     743 |  43.5 |      24 |       2 |   7.7
        D:8 |    2116 |       0 |   0.0 |      33 |       0 |   0.0
        D:9 |    1429 |    5411 |  79.1 |      21 |      24 |  53.3
     Lair:1 |    3202 |     752 |  19.0 |      18 |       2 |  10.0
     Lair:2 |    1666 |       0 |   0.0 |       9 |       0 |   0.0
     Lair:3 |     864 |       0 |   0.0 |       5 |       0 |   0.0
            +---------+---------+-------+---------+---------+-------
